 Dungeon Crawl Stone Soup version 0.29-a0-275-g389c0b56f3 (webtiles) character file.

Game seed: 10134230419003963910

2980 Crownlay the Thaumaturge (level 9, -42/45 HPs)
             Began as a Gargoyle Earth Elementalist on Mar 10, 2022.
             Annihilated by a boulder beetle (53 damage)
             ... on level 6 of the Dungeon.
             The game lasted 00:06:52 (5515 turns).

Crownlay the Thaumaturge (GrEE)                     Turns: 5515, Time: 00:06:52

Health: -42/45     AC: 14    Str: 12    XL:     9   Next: 83%
Magic:  23/23      EV: 11    Int: 20    God:
Gold:   344        SH:  0    Dex: 10    Spells: 22/28 levels left

rFire   . . .      SeeInvis .   t - +5 trident
rCold   . . .      Faith    .   (no shield)
rNeg    + . .      Spirit   .   b - +0 robe
rPois   ∞          Reflect  .   v - +2 hat
rElec   +          Harm     .   (no cloak)
rCorr   .          Rampage  .   (no gloves)
Will    .....                   (no boots)
Stlth   ++........              (no amulet)
HPRegen 0.15/turn               f - +4 ring of protection
MPRegen 0.18/turn               (no ring)

@: no status effects
A: sickness immunity, AC +6, negative energy resistance 1, electricity
resistance, torment resistance 1, petrification resistance
a: no special abilities


You were on level 6 of the Dungeon.
You visited 1 branch of the dungeon, and saw 6 of its levels.

You collected 344 gold pieces.

Inventory:

Hand Weapons
 s - a +5 dire flail
 t - a +5 trident (weapon)
Missiles
 a - 78 stones
Armour
 b - a +0 robe (worn)
 p - a +0 kite shield
 v - a +2 hat (worn)
Jewellery
 f - a +4 ring of protection (left hand)
 u - a ring of fire
Wands
 d - a wand of polymorph (9)
Scrolls
 g - a scroll of identify
 h - 3 scrolls of magic mapping
 m - a scroll of enchant weapon {unknown}
 q - a scroll of amnesia {unknown}
 r - a scroll of teleportation {unknown}
 w - a scroll of vulnerability {unknown}
Potions
 e - 2 potions of invisibility {unknown}
 i - a potion of lignification {unknown}
 j - a potion of degeneration {unknown}
 k - 3 potions of mutation
 n - a potion of curing {unknown}
 o - a potion of heal wounds {unknown}


   Skills:
 - Level 1.5 Dodging
 - Level 2.1 Stealth
 * Level 10.2 Spellcasting
 - Level 0.7 Transmutations
 + Level 9.9 Earth Magic


You had 22 spell levels left.
You knew the following spells:

 Your Spells              Type           Power      Damage    Failure   Level
a - Sandblast             Erth           98%        2d20      1%          1
b - Passwall              Tmut/Erth      25%        N/A       1%          2
c - Stone Arrow           Conj/Erth      60%        3d10      2%          3

Your spell library contained the following spells:

 Spells                   Type           Power      Damage    Failure   Level
 Shock                    Conj/Air       40%        1d5       7%          1
 Petrify                  Tmut/Erth      31%        N/A       8%          4
 Animate Armour           Summ/Erth      60%        N/A       9%          4
 Corpse Rot               Necr/Air       20%        N/A       11%         2
 Poisonous Vapours        Pois/Air       20%        N/A       11%         2
 Swiftness                Air            10%        N/A       21%         3
 Airstrike                Air            5%         N/A       56%         4
 Summon Lightning Spire   Summ/Air       10%        N/A       56%         4
 Blade Hands              Tmut           6%         N/A       80%         5
 Iron Shot                Conj/Erth      15%        9d4       80%         6
 Storm Form               Tmut/Air       5%         N/A       100%        7
 Maxwell's Capacitive Co  Air            5%         ∞         100%        8


Dungeon Overview and Level Annotations

Branches:
Dungeon (6/15)
 Temple: D:4-7

Altars:


Innate Abilities, Weirdness & Mutations

You are immune to sickness and miasma.
Your stone body is resilient. (AC +6)
You are immune to poison.
You resist negative energy. (rN+)
You are resistant to electric shocks. (rElec)
You are resistant to unholy torment.
You are immune to petrification.


Message History

The cyclops throws a large rock.
The large rock hits you!!
* * * LOW HITPOINT WARNING * * *
An orc comes into view. It is wielding a +0 whip.
You are too injured to fight recklessly!
Casting: Sandblast (safe; 1% risk of failure)
Confirm with . or Enter, or press ? or * to list all spells.
Aiming: Stone Arrow (dangerous; 3% risk of failure)
Press: ? - help, Shift-Dir - straight line, f - cyclops
Aim: a cyclops, quivering large rocks (98% to hit)
The stone arrow hits the cyclops.
The cyclops is lightly wounded.
A boulder beetle comes into view.
Casting: Stone Arrow (dangerous; 3% risk of failure)
Confirm with . or Enter, or press ? or * to list all spells.
Aiming: Stone Arrow (dangerous; 3% risk of failure)
Press: ? - help, Shift-Dir - straight line, f/p - cyclops
Aim: a cyclops, quivering large rocks (lightly wounded, 98% to hit)
The stone arrow hits the cyclops!!
The cyclops is heavily wounded.
The boulder beetle curls into a ball and begins rolling!
Casting: Stone Arrow (dangerous; 3% risk of failure)
Confirm with . or Enter, or press ? or * to list all spells.
Aiming: Stone Arrow (dangerous; 3% risk of failure)
Press: ? - help, Shift-Dir - straight line, f/p - cyclops
Aim: a cyclops, quivering large rocks (heavily wounded, 98% to hit)
The stone arrow hits the cyclops!!
The cyclops is almost dead.
The cyclops throws a large rock.
The large rock misses you.
Casting: Stone Arrow (dangerous; 3% risk of failure)
Confirm with . or Enter, or press ? or * to list all spells.
Aiming: Stone Arrow (dangerous; 3% risk of failure)
Press: ? - help, Shift-Dir - straight line, f/p - cyclops
Aim: a cyclops, quivering large rocks (almost dead, 98% to hit)
The stone arrow hits the cyclops!
You kill the cyclops!
Your Spellcasting skill increases to level 10!
Okay, then.
Magic courses through your body. The boulder beetle hits you!!!
Ouch! That really hurt!
You die...

.. #......# # #. #.
#####....... #. ..## ..#..
......# .##...
>#.####.#..## °#...
..D.......[[
S..#####.####..#.##
○o#...#.# #.......
#B#.#.#.###.......
#@#.#.#...).......
#.#.#.#...#.......
#.#.#.#...#.......
#...#.#...#.......
#############.#...#.......
#..........##.#...#.......
#..........##.###.........
#...........#.# #.........
#...........#.# #....#####


You could see a boulder beetle (rolling), an adder and an orc.

Vanquished Creatures
  A two-headed ogre (D:6)
  A cyclops (D:6)
  Grinder (D:4)
  A water moccasin (D:5)
  2 sky beasts
  4 ogres
  A centaur (D:5)
  A phantom (D:5)
  3 necrophages
  A bullfrog (D:3)
  A scorpion (D:2)
  7 wights
  3 hounds
  2 iguanas
  2 orc wizards
  3 gnolls (D:3)
  9 adders
  2 ufetubi
  2 dart slugs
  4 orcs
  7 ball pythons
  4 endoplasms
  3 giant cockroaches
  5 goblins
  4 hobgoblins
  4 jackals (D:1)
  6 kobolds
  2 quokkas
  10 bats
  8 frilled lizards
  4 rats
108 creatures vanquished.

Notes
Turn   | Place    | Note
-------+----------+-------------------------------------------
     0 | D:1      | Crownlay the Gargoyle Earth Elementalist began the quest
                  | for the Orb.
     0 | D:1      | Reached XP level 1. HP: 10/10 MP: 3/3
   208 | D:1      | Reached XP level 2. HP: 15/15 MP: 3/5
   725 | D:1      | Reached XP level 3. HP: 19/19 MP: 7/7
   832 | D:1      | Reached skill level 3 in Spellcasting
  1752 | D:2      | Noticed a scorpion
  1759 | D:2      | Killed a scorpion
  1760 | D:2      | Reached XP level 4. HP: 24/24 MP: 2/9
  1837 | D:2      | Learned a level 2 spell: Passwall
  1841 | D:2      | Learned a level 3 spell: Stone Arrow
  1935 | D:2      | Found a faded altar of an unknown god.
  2122 | D:3      | Noticed a sky beast
  2122 | D:3      | Noticed a bullfrog
  2130 | D:3      | Killed a bullfrog
  2131 | D:3      | Reached skill level 4 in Spellcasting
  2131 | D:3      | Reached skill level 5 in Earth Magic
  2131 | D:3      | Reached XP level 5. HP: 28/28 MP: 1/11
  2131 | D:3      | Killed a sky beast
  2132 | D:3      | Reached XP level 6. HP: 32/32 MP: 1/13
  2253 | D:3      | Reached skill level 5 in Spellcasting
  2909 | D:3      | You fall into a shaft and drop 3 floors!
  2923 | D:6      | Reached XP level 7. HP: 36/36 MP: 4/15
  3004 | D:6      | Noticed a steam dragon
  3042 | D:6      | Reached skill level 6 in Spellcasting
  3210 | D:6      | Noticed a steam dragon
  3266 | D:5      | Entered Level 5 of the Dungeon
  3582 | D:4      | Noticed Grinder
  3583 | D:4      | Paralysed by Grinder for 6 turns
  3754 | D:4      | Paralysed by Grinder for 3 turns
  3763 | D:4      | Killed Grinder
  3764 | D:4      | Reached skill level 7 in Spellcasting
  3764 | D:4      | Reached XP level 8. HP: 35/41 MP: 10/18
  4755 | D:5      | Reached skill level 8 in Spellcasting
  4984 | D:5      | Reached XP level 9. HP: 45/45 MP: 17/21
  5188 | D:5      | Reached skill level 9 in Spellcasting
  5506 | D:6      | Noticed a two-headed ogre
  5507 | D:6      | Noticed a cyclops
  5510 | D:6      | Killed a two-headed ogre
  5511 | D:6      | Noticed a boulder beetle
  5514 | D:6      | Killed a cyclops
  5515 | D:6      | Reached skill level 10 in Spellcasting
  5515 | D:6      | Annihilated by a boulder beetle

Illustrated notes

Levels and vault maps discovered:
D:1:      saegor_arrival_simple_e, layout_rooms
D:2:      layout_loops_ring, shapermc_ecumenical_altar_mp_ritualfount
D:3:      layout_basic
D:4:      layout_cave_pools, serial_park_tiny_pond, uniq_grinder
D:5:      layout_rooms
D:6:      layout_basic, minmay_temple_entry_junction, corexii_leaking_fountain,
          minmay_manual_mess

Skill      XL: |  1  2  3  4  5  6  7  8  9 |
---------------+----------------------------+-----
Earth Magic    | 4 5 6 7 8 9 |  9.9
Spellcasting   | 3 4 5 7 8 10 | 10.2
Dodging        | |  1.5
Stealth        | |  2.1
Transmutations | |  0.7

Action                   |  1- 3 |  4- 6 |  7- 9 || total
-------------------------+-------+-------+-------++-------
Melee: Unarmed           |    34 |       |       ||    34
       Dagger            |    87 |    33 |       ||   120
       Trident           |       |       |    79 ||    79
 Cast: Sandblast         |    34 |    36 |    50 ||   120
       Stone Arrow       |       |       |    12 ||    12
  Use: Scroll            |       |       |     4 ||     4
       Potion            |       |       |     1 ||     1
 Stab: Sleeping          |       |     1 |     4 ||     5
Armor: Robe              |    71 |    36 |    39 ||   146
Dodge: Dodged            |    96 |    28 |    49 ||   173

Table legend: (Time is in decaauts)
 A = Elapsed time spent in this place.
 B = Non-inter-level travel time spent in this place.
 C = Inter-level travel time spent in this place.
 D = Time resting spent in this place.
 E = Time spent auto-exploring this place.
 F = Levels seen in this place.
 G = Mean time per level.
                   A        B        C        D        E       F      G
               +--------+--------+--------+--------+--------+-----+--------+
         Total |   5538 |   5409 |    129 |    322 |   4183 |   6 |  923.0 |
       Dungeon |   5538 |   5409 |    129 |    322 |   4183 |   6 |  923.0 |
               +--------+--------+--------+--------+--------+-----+--------+

Top non-repeatable levels by time:
     D:1: 1232 daAuts
     D:4: 1111 daAuts
     D:5: 946 daAuts
     D:3: 917 daAuts
     D:2: 872 daAuts
     D:6: 458 daAuts
